 Dungeon Crawl Stone Soup version 0.24.0-2-g5b39cebb1c (webtiles) character file.

Game seed: 172255453871180041, levelgen mode: deterministic

80 Amplified the Magician (level 4, -4/33 HPs)
             Began as a Mummy Ice Elementalist on Oct 29, 2019.
             Slain by an orc
             ... wielding a +0 war axe
              (11 damage)
             ... on level 4 of the Dungeon.
             The game lasted 00:05:07 (2312 turns).

Amplified the Magician (Mummy Ice Elementalist)     Turns: 2312, Time: 00:05:07

Health: -4/33      AC:  3    Str: 12    XL:     4   Next: 18%
Magic:  5/9        EV: 12    Int: 14    God:
Gold:   124        SH:  0    Dex: 12    Spells: 4/10 levels left

rFire    x . .     SeeInvis .   d - +0 flail
rCold    + . .     Gourm    .   (no shield)
rNeg     + + +     Faith    .   a - +1 robe
rPois    ∞         Spirit   .   (no helmet)
rElec    .         Reflect  .   (no cloak)
rCorr    .         Harm     .   (no gloves)
MR       .....                  (no boots)
Stlth    ++........             (no amulet)
HPRegen  0.11/turn              (no ring)
MPRegen  0.11/turn              (no ring)

@: no status effects
A: no food or potions, fire vulnerability, cold resistance 1, negative energy
resistance 3, torment resistance, unbreathing
a: no special abilities


You were on level 4 of the Dungeon.
You were not hungry.

You visited 1 branch of the dungeon, and saw 4 of its levels.

You collected 124 gold pieces.

Inventory:

Hand Weapons
 d - a +0 flail (weapon)
Missiles
 b - 63 stones (quivered)
 c - 14 poisoned darts
Armour
 a - a +1 robe (worn)
 f - a +0 large shield
Scrolls
 e - a scroll of remove curse


   Skills:
 * Level 2.1 Fighting
 - Level 1.5 Dodging
 - Level 1.5 Stealth
 * Level 3.9 Spellcasting
 - Level 0.7 Conjurations
 * Level 3.0 Ice Magic


You had 4 spell levels left.
You knew the following spells:

 Your Spells              Type           Power        Failure   Level  Hunger
a - Freeze                Ice            ##..         5%          1    N/A
b - Ozocubu's Armour      Chrm/Ice       #.......     30%         3    N/A
c - Throw Frost           Conj/Ice       #.....       14%         2    N/A

Your spell library contained the following spells:

 Spells                   Type           Power        Failure   Level  Hunger
 Throw Icicle             Conj/Ice       #.......     65%         4    N/A
 Summon Ice Beast         Ice/Summ       #.......     71%         4    N/A

Dungeon Overview and Level Annotations

Branches:
Dungeon (4/15)
 Temple: D:4-7

Altars:
Wu Jian
The Shining One

Shops:
D:4 (

Annotations:
D:3 Grinder


Innate Abilities, Weirdness & Mutations

You do not eat or drink.
Your flesh is vulnerable to fire.
You are immune to poison.
Your flesh is cold resistant. (rC+)
You are immune to negative energy. (rN+++)
You are immune to unholy pain and torment.
You can survive without breathing.


Message History

The orc barely misses you.
Your icy armour cracks and falls away as you move.
Casting: Ozocubu's Armour (safe; 30% risk of failure)
Confirm with . or Enter, or press ? or * to list all spells.
A film of ice covers your body! The orc barely misses you.
Your icy armour cracks and falls away as you move.
You hit the orc.
The orc is severely wounded.
The orc barely misses you.
You completely miss the orc.
The orc is severely wounded.
The orc hits you with a +0 war axe.
* * * LOW HITPOINT WARNING * * *
You hit the orc but do no damage.
The orc is severely wounded.
The orc closely misses you.
You barely miss the orc.
The orc is severely wounded.
The orc hits you with a +0 war axe!
You die...

#####
#.@.#
###o#.#
#..∩..##
#.#†#.<#
#...####
..#.##
##.#. #
#. ..


You could see an orc.

Vanquished Creatures
  4 adders
  An ooze (D:3)
  A dart slug (D:2)
  6 leopard geckos
  A giant cockroach (D:2)
  3 goblins
  A hobgoblin (D:2)
  3 jackals (D:4)
  3 bats (D:2)
  2 frilled lizards
  4 kobolds
  6 rats
35 creatures vanquished.

Notes
Turn   | Place    | Note
-------+----------+-------------------------------------------
     0 | D:1      | Amplified the Mummy Ice Elementalist began the quest for
                  | the Orb.
     0 | D:1      | Reached XP level 1. HP: 13/13 MP: 4/4
   304 | D:1      | Reached skill level 1 in Fighting
   356 | D:1      | Reached XP level 2. HP: 21/21 MP: 3/6
   868 | D:2      | Found a glowing golden altar of the Shining One.
   948 | D:2      | Reached XP level 3. HP: 17/27 MP: 2/8
  1049 | D:2      | Learned a level 3 spell: Ozocubu's Armour
  1639 | D:2      | Learned a level 2 spell: Throw Frost
  1766 | D:2      | Found an ornate altar of the Wu Jian Council.
  2164 | D:3      | Noticed Grinder
  2173 | D:3      | Paralysed by Grinder for 6 turns
  2201 | D:4      | Found Kucyaneq's Antique Weapon Shop.
  2207 | D:4      | Reached XP level 4. HP: 30/33 MP: 3/9
  2312 | D:4      | Slain by an orc

Levels and vault maps discovered:
D:1:      psy_arrival_basics, layout_rooms, serial_forest,
          infiniplex_forest_pool, infiniplex_forest_lined_2,
          infiniplex_forest_straight_4, infiniplex_forest_clump_medium,
          infiniplex_forest_lined_room_2
D:2:      layout_basic, marbit_many_paths, lemuel_crystal_altar,
          minmay_misc_feat_rows
D:3:      layout_basic, nemelex_xobeh_ov_fountains_minmay,
          nicolae_overflow_crystal_walls, first_ration,
          gammafunk_ghost_stat_death, uniq_grinder
D:4:      layout_basic, chequers_temple_overflow_minitemple, serial_shops,
          kennysheep_little_box, nicolae_shop_crystal, shop,
          nicolae_shop_crystal, trog_hazing_becter, uniq_natasha, uniq_duvessa

Skill      XL: |  1  2  3  4 |
---------------+-------------+-----
Spellcasting   | 3 |  3.9
Fighting       | 1 2 |  2.1
Ice Magic      | 3 |  3.0
Dodging        | |  1.5
Stealth        | |  1.5
Conjurations   | |  0.7

Action                   |  1- 3 |  4- 6 || total
-------------------------+-------+-------++-------
Melee: Unarmed           |     1 |       ||     1
       Flail             |    45 |    49 ||    94
Throw: Stone             |     8 |       ||     8
 Cast: Freeze            |    46 |       ||    46
       Ozocubu's Armour  |    10 |     3 ||    13
  Use: Scroll            |     6 |       ||     6
 Stab: Sleeping          |     1 |       ||     1
Armor: Robe              |    29 |    29 ||    58
Dodge: Dodged            |    72 |    45 ||   117
